 Dungeon Crawl Stone Soup version 0.28-a0-472-g50180c0d78 (webtiles) character file.

Game seed: 11696916659390111664

1345 arbitraryname the Conjurer (level 8, -3/57 HPs)
             Began as a Demigod Air Elementalist on Sept 15, 2021.
             Slain by a wyvern skeleton (12 damage)
             ... on level 6 of the Dungeon.
             The game lasted 00:10:51 (6259 turns).

arbitraryname the Conjurer (DgAE)                   Turns: 6259, Time: 00:10:52

Health: -3/57      AC:  3    Str:  9    XL:     8   Next: 13%
Magic:  4/17       EV: 12    Int: 25    God:
Gold:   128        SH:  0    Dex: 14    Spells: 5/15 levels left

rFire   . . .      SeeInvis .   a - +3 short sword
rCold   . . .      Faith    .   (no shield)
rNeg    . . .      Spirit   .   m - +0 robe
rPois   .          Reflect  .   (no helmet)
rElec   .          Harm     .   (no cloak)
rCorr   .          Rampage  .   (no gloves)
Will    .....                   h - +0 pair of boots
Stlth   ++........              (no amulet)
HPRegen 0.19/turn               (no ring)
MPRegen 0.15/turn               (no ring)

@: no status effects
A: high mp 1, forlorn
a: no special abilities


You were on level 6 of the Dungeon.
You visited 1 branch of the dungeon, and saw 6 of its levels.

You collected 128 gold pieces.

Inventory:

Hand Weapons
 a - a +3 short sword (weapon)
Missiles
 f - 4 curare-tipped darts
Armour
 h - a +0 pair of boots (worn)
 m - a +0 robe (worn)
Jewellery
 k - an amulet of guardian spirit
 o - a +6 ring of strength
Wands
 q - a wand of flame (8)
 r - a wand of polymorph (8)
Scrolls
 b - 9 scrolls of identify {unknown}
 c - a scroll of holy word {unknown}
 i - a scroll of fog {unknown}
 j - a scroll of enchant weapon {unknown}
 p - 3 scrolls of noise {unknown}
Potions
 d - 2 potions of curing {unknown}
 e - 2 potions of heal wounds {unknown}
 g - a potion of might {unknown}
 l - 3 potions of resistance {unknown}
 n - a potion of haste {unknown}


   Skills:
 - Level 1.7 Dodging
 - Level 1.7 Stealth
 + Level 4.3 Spellcasting
 + Level 5.3 Conjurations
 + Level 5.3 Fire Magic
 - Level 4.0 Air Magic


You had 5 spell levels left.
You knew the following spells:

 Your Spells              Type           Power      Damage    Failure   Level
a - Shock                 Conj/Air       100%       1d9       1%          1
b - Static Discharge      Conj/Air       28%        N/A       1%          2
c - Swiftness             Air            25%        N/A       4%          3
d - Flame Wave            Conj/Fire      32%        3d7       10%         4

Your spell library contained the following spells:

 Spells                   Type           Power      Damage    Failure   Level
 Scorch                   Fire           64%        2d8       1%          2
 Airstrike                Air            12%        N/A       17%         4
 Summon Cactus Giant      Summ           2%         N/A       100%        6


Dungeon Overview and Level Annotations

Branches:
Dungeon (6/15)
 Temple: D:4-7


Innate Abilities, Weirdness & Mutations

Your attributes grow dramatically as you level up.
You have an increased reservoir of magic. (+10% MP)
You shall have no god before yourself.


Message History

A wyvern skeleton is nearby!
A wyvern skeleton is nearby!
Casting: Flame Wave (dangerous; 10% risk of failure)
Confirm with . or Enter, or press ? or * to list all spells.
Okay, then.
Casting: Flame Wave (dangerous; 10% risk of failure)
Confirm with . or Enter, or press ? or * to list all spells.
The wyvern skeleton is struck by an arc of lightning.
The wyvern skeleton is lightly damaged.
You are struck by an arc of lightning.
The lightning grounds out.
The wyvern skeleton bites you! The wyvern skeleton closely misses you.
Unknown command.
Casting: Static Discharge (safe; 1% risk of failure)
Confirm with . or Enter, or press ? or * to list all spells.
The wyvern skeleton is struck by an arc of lightning.
The wyvern skeleton is lightly damaged.
You are struck by an arc of lightning.
The wyvern skeleton is struck by an arc of lightning.
The wyvern skeleton is moderately damaged.
The lightning grounds out.
The wyvern skeleton bites you!
Unknown command.
Unknown command.
Casting: Static Discharge (safe; 1% risk of failure)
Confirm with . or Enter, or press ? or * to list all spells.
The wyvern skeleton is struck by an arc of lightning.
The wyvern skeleton is heavily damaged.
You are struck by an arc of lightning.
The lightning grounds out.
The wyvern skeleton bites you!
* * * LOW HITPOINT WARNING * * *
Unknown command.
Casting: Flame Wave (dangerous; 10% risk of failure)
Press: ? - help, Q - select action, (/) - cycle Dir - look around, f - activate A wave of flame ripples out!
The flame wave engulfs the wyvern skeleton!
The wyvern skeleton is almost destroyed. (Press . to intensify the flame waves.)
The wyvern skeleton bites you!
* * * LOW HITPOINT WARNING * * *
The wyvern skeleton bites you!
You die...

#.(....(# #.......#
#.......#
##.##.####.......##
###.................###
.........#............
#(...._ #..##.....##
###.#.. #..##Z...##
#....)####..##@..##
#.#.........##...#
.##.#.#.......##...#
#+#
....#....#######...#
#.# #.<....#######...#
#.# ###....รท.........#
##.## #..............#
##...##
#.######)#####.#
###.....# #.# #.).....#
#........


You could see a wyvern skeleton.

Vanquished Creatures
  Grinder (D:5)
  A necrophage (D:6)
  A sky beast (D:6)
  A centaur (D:5)
  A phantom (D:6)
  Blork the orc (D:6)
  A bullfrog (D:6)
  3 scorpions
  2 howler monkeys
  A bullfrog zombie (D:5)
  A centaur zombie (D:5)
  A hound (D:5)
  2 orc priests (D:5)
  A jelly (D:4)
  An orc wizard (D:6)
  A hound skeleton (D:5)
  9 adders
  3 gnolls (D:3)
  A white imp (D:5)
  6 worms
  4 dart slugs
  14 orcs
  7 ball pythons
  3 bats
  8 endoplasms
  2 giant cockroaches
  8 goblins
  4 hobgoblins
  2 jackals (D:5)
  3 quokkas
  A frilled lizard (D:2)
  4 kobolds
  6 rats
105 creatures vanquished.

Notes
Turn   | Place    | Note
-------+----------+-------------------------------------------
     0 | D:1      | arbitraryname the Demigod Air Elementalist began the quest
                  | for the Orb.
     0 | D:1      | Reached XP level 1. HP: 14/14 MP: 5/5
    56 | D:1      | Reached skill level 1 in Conjurations
   369 | D:1      | Reached XP level 2. HP: 20/20 MP: 4/7
   423 | D:1      | Learned a level 2 spell: Static Discharge
  1491 | D:2      | Reached XP level 3. HP: 26/26 MP: 7/9
  1519 | D:2      | Learned a level 3 spell: Swiftness
  2601 | D:3      | Reached XP level 4. HP: 19/33 MP: 0/11
  3446 | D:3      | Reached XP level 5. HP: 36/38 MP: 6/12
  4498 | D:4      | Reached XP level 6. HP: 41/45 MP: 8/13
  4583 | D:4      | Learned a level 4 spell: Flame Wave
  4609 | D:5      | Entered Level 5 of the Dungeon
  4609 | D:5      | Noticed Grinder
  4747 | D:5      | Reached skill level 1 in Fire Magic
  4953 | D:5      | Paralysed by Grinder for 6 turns
  5227 | D:5      | Killed Grinder
  5228 | D:5      | Reached XP level 7. HP: 37/50 MP: 7/16
  6041 | D:6      | Noticed Blork the orc
  6049 | D:6      | Killed Blork the orc
  6050 | D:6      | Reached skill level 5 in Conjurations
  6050 | D:6      | Reached skill level 5 in Fire Magic
  6058 | D:6      | Reached XP level 8. HP: 57/57 MP: 8/17
  6259 | D:6      | Slain by a wyvern skeleton

Illustrated notes

Levels and vault maps discovered:
D:1:      dpeg_arrival_court, layout_basic,
          dreamdust_ecumenical_altar_hidden_monk_grotto
D:2:      layout_basic
D:3:      kennysheep_big_flooded_room, layout_basic, minmay_fountain_box
D:4:      layout_loops_ring, grunt_temple_overflow_open, minmay_strange_pillars
D:5:      layout_rooms, uniq_grinder
D:6:      layout_loops_corners, kennysheep_orc_sif_temple,
          mainiacjoe_overflow_chevrons, minmay_temple_entry_poolview,
          nicolae_shop_sticking_my_neck_out, uniq_eustachio, uniq_blork_the_orc

Skill      XL: |  1  2  3  4  5  6  7 |
---------------+----------------------+-----
Conjurations   | 1 2 3 4 5 |  5.3
Spellcasting   | 2 3 4 |  4.3
Air Magic      | 3 4 |  4.0
Fire Magic     | 3 5 |  5.3
Dodging        | |  1.7
Stealth        | |  1.7

Action                   |  1- 3 |  4- 6 |  7- 9 || total
-------------------------+-------+-------+-------++-------
Melee: Dagger            |       |     2 |       ||     2
       Short sword       |       |    12 |     5 ||    17
 Cast: Shock             |    82 |    70 |    37 ||   189
       Static Discharge  |    13 |    35 |    18 ||    66
       Flame Wave        |       |       |     4 ||     4
Armor: Robe              |     3 |     9 |     4 ||    16
       Skin              |       |       |     8 ||     8
Dodge: Dodged            |    10 |    27 |    15 ||    52

Table legend: (Time is in decaauts)
 A = Elapsed time spent in this place.
 B = Non-inter-level travel time spent in this place.
 C = Inter-level travel time spent in this place.
 D = Time resting spent in this place.
 E = Time spent auto-exploring this place.
 F = Levels seen in this place.
 G = Mean time per level.
                   A        B        C        D        E       F      G
               +--------+--------+--------+--------+--------+-----+--------+
         Total |   6265 |   6082 |    183 |    401 |   5002 |   6 | 1044.2 |
       Dungeon |   6265 |   6082 |    183 |    401 |   5002 |   6 | 1044.2 |
               +--------+--------+--------+--------+--------+-----+--------+

Top non-repeatable levels by time:
     D:4: 1397 daAuts
     D:3: 1340 daAuts
     D:1: 1204 daAuts
     D:2: 1176 daAuts
     D:5: 739 daAuts
     D:6: 407 daAuts
